TOP OF THE 1ST |
Hamilton Ross Rams batting - Pitching for University of Virginia Cavaliers : RHP Jayden Johnson
|
Pitching: RHP Jayden Johnson
|
|
Batting: RHB Giovonni Melis
|
0-0: Called Strike 0-1: Foul Ball, location: 2F 0-2: Ball 1-2: Ball 2-2: Foul Ball, location: 2F 2-2: Foul Ball, location: 2F 2-2: Ball 3-2: Ground out 6-3 (Groundball, 6, EV 87.5 MPH)
|
Batting: RHB Mark Kerr
|
0-0: Ball 1-0: Swinging Strike 1-1: Foul Ball, location: 2F 1-2: Ball 2-2: Strikes out looking
|
Batting: LHB Hector Salazar
|
0-0: Ball 1-0: Swinging Strike 1-1: Ground out 4-3 (Groundball, 4, EV 80.0 MPH)
|
Top of the 1st over - 0 runs, 0 hits, 0 errors, 0 left on base; Hamilton Ross 0 - University of Virginia 0 |
BOTTOM OF THE 1ST |
University of Virginia Cavaliers batting - Pitching for Hamilton Ross Rams : RHP Gareth Valcourt
|
Pitching: RHP Gareth Valcourt
|
|
Batting: RHB Scott Anderson
|
0-0: Ball 1-0: Foul Ball, location: 2F 1-1: Swinging Strike 1-2: Strikes out swinging
|
Batting: LHB Edelberto Barbas
|
0-0: Foul Ball, location: 2F 0-1: Ball 1-1: Ground out 1-3 (Groundball, 13S, EV 74.4 MPH)
|
Batting: LHB Eustachio Bontempi
|
0-0: Called Strike 0-1: SINGLE (Line Drive, 7S, EV 90.0 MPH)
|
Batting: LHB Ray Nichter
|
0-0: Ball Eustachio Bontempi steals 2nd base 1-0: Called Strike 1-1: Swinging Strike 1-2: Strikes out swinging
|
Bottom of the 1st over - 0 runs, 1 hit, 0 errors, 1 left on base; Hamilton Ross 0 - University of Virginia 0 |
TOP OF THE 2ND |
Hamilton Ross Rams batting - Pitching for University of Virginia Cavaliers : RHP Jayden Johnson
|
Batting: RHB Luke Jensen
|
0-0: Ball 1-0: Called Strike 1-1: Ball 2-1: Foul Ball, location: 2F 2-2: Ground out 3-1 (Groundball, 34, EV 76.2 MPH)
|
Batting: LHB Miguel Silveira
|
0-0: Ball 1-0: Ball 2-0: Ground out 5-3 (Groundball, 56, EV 108.1 MPH)
|
Batting: RHB Chun-hak Ahn
|
0-0: Ball 1-0: Ground out 4-3 (Groundball, 4, EV 91.2 MPH)
|
Top of the 2nd over - 0 runs, 0 hits, 0 errors, 0 left on base; Hamilton Ross 0 - University of Virginia 0 |
BOTTOM OF THE 2ND |
University of Virginia Cavaliers batting - Pitching for Hamilton Ross Rams : RHP Gareth Valcourt
|
Batting: LHB Josh Doan
|
0-0: Reached on error, E3 (Groundball, 34S, EV 79.4 MPH)
|
Batting: RHB Rob Coble
|
0-0: Foul Ball, location: 2F 0-1: Grounds into double play, 5-4-3 (Groundball, 5, EV 88.1 MPH)
|
Batting: RHB Allen McCaskill
|
0-0: Swinging Strike 0-1: Foul Ball, location: 2F 0-2: Ball 1-2: Strikes out swinging
|
Bottom of the 2nd over - 0 runs, 0 hits, 1 error, 0 left on base; Hamilton Ross 0 - University of Virginia 0 |
TOP OF THE 3RD |
Hamilton Ross Rams batting - Pitching for University of Virginia Cavaliers : RHP Jayden Johnson
|
Batting: LHB Trey Toope
|
0-0: Swinging Strike 0-1: Ball 1-1: Foul Ball, location: 2F 1-2: Fly out, F8 (Flyball, 8RD, EV 98.8 MPH)
|
Batting: RHB C.J. Fleet
|
0-0: Ball 1-0: Ground out 6-3 (Groundball, 6, EV 80.0 MPH)
|
Batting: RHB Christian Leschak
|
0-0: Ball 1-0: Called Strike 1-1: Ground out 6-3 (Groundball, 6, EV 81.9 MPH)
|
Top of the 3rd over - 0 runs, 0 hits, 0 errors, 0 left on base; Hamilton Ross 0 - University of Virginia 0 |
BOTTOM OF THE 3RD |
University of Virginia Cavaliers batting - Pitching for Hamilton Ross Rams : RHP Gareth Valcourt
|
Batting: SHB Ethan Lewis
|
0-0: Ball 1-0: Foul Ball, location: 2F 1-1: Ball 2-1: Swinging Strike 2-2: Strikes out swinging
|
Batting: RHB Jason Thresher
|
0-0: Foul Ball, location: 2F 0-1: Ball 1-1: Foul Ball, location: 2F 1-2: Strikes out swinging
|
Batting: RHB Scott Anderson
|
0-0: Ball 1-0: Swinging Strike 1-1: Ground out 6-3 (Groundball, 6, EV 106.9 MPH)
|
Bottom of the 3rd over - 0 runs, 0 hits, 0 errors, 0 left on base; Hamilton Ross 0 - University of Virginia 0 |
TOP OF THE 4TH |
Hamilton Ross Rams batting - Pitching for University of Virginia Cavaliers : RHP Jayden Johnson
|
Batting: RHB Giovonni Melis
|
0-0: Called Strike 0-1: Ball 1-1: Foul Ball, location: 2F 1-2: Ball 2-2: Foul Ball, location: 2F 2-2: Strikes out looking
|
Batting: RHB Mark Kerr
|
0-0: Ball 1-0: Called Strike 1-1: Ball 2-1: Called Strike 2-2: Strikes out swinging
|
Batting: LHB Hector Salazar
|
0-0: Ball 1-0: Called Strike 1-1: SINGLE (Groundball, 34S, EV 63.8 MPH) (infield hit)
|
Batting: RHB Luke Jensen
|
0-0: Swinging Strike 0-1: Called Strike Hector Salazar is caught stealing 2nd base 2-4
|
Top of the 4th over - 0 runs, 1 hit, 0 errors, 0 left on base; Hamilton Ross 0 - University of Virginia 0 |
BOTTOM OF THE 4TH |
University of Virginia Cavaliers batting - Pitching for Hamilton Ross Rams : RHP Gareth Valcourt
|
Batting: LHB Edelberto Barbas
|
0-0: Ground out 4-3 (Groundball, 4, EV 87.5 MPH)
|
Batting: LHB Eustachio Bontempi
|
0-0: Foul Ball, location: 2F 0-1: Ground out 6-3 (Groundball, 6, EV 83.8 MPH)
|
Batting: LHB Ray Nichter
|
0-0: Swinging Strike 0-1: Foul Ball, location: 2F 0-2: Ball 1-2: Foul Ball, location: 2F 1-2: Ball 2-2: Ground out 4-3 (Groundball, 4S, EV 87.5 MPH)
|
Bottom of the 4th over - 0 runs, 0 hits, 0 errors, 0 left on base; Hamilton Ross 0 - University of Virginia 0 |
TOP OF THE 5TH |
Hamilton Ross Rams batting - Pitching for University of Virginia Cavaliers : RHP Jayden Johnson
|
Batting: RHB Luke Jensen
|
0-0: Swinging Strike 0-1: Ball 1-1: Called Strike 1-2: Ball 2-2: Ball 3-2: Base on Balls
|
Batting: LHB Miguel Silveira
|
0-0: Foul Ball, location: 2F 0-1: Ball 1-1: Foul Ball, location: 2F 1-2: Ball 2-2: Ball 3-2: Strikes out looking
|
Batting: RHB Chun-hak Ahn
|
0-0: Ball 1-0: Grounds into double play, 6-4-3 (Groundball, 6, EV 100.0 MPH)
|
Top of the 5th over - 0 runs, 0 hits, 0 errors, 0 left on base; Hamilton Ross 0 - University of Virginia 0 |
BOTTOM OF THE 5TH |
University of Virginia Cavaliers batting - Pitching for Hamilton Ross Rams : RHP Gareth Valcourt
|
Batting: LHB Josh Doan
|
0-0: Foul Ball, location: 2F 0-1: Ball 1-1: Foul Ball, location: 2F 1-2: Foul Ball, location: 2F 1-2: Strikes out looking
|
Batting: RHB Rob Coble
|
0-0: Foul Ball, location: 2F 0-1: Foul Ball, location: 2F 0-2: Ball 1-2: Ball 2-2: Strikes out swinging
|
Batting: RHB Allen McCaskill
|
0-0: Foul Ball, location: 2F 0-1: Ball 1-1: Swinging Strike 1-2: Foul Ball, location: 2F 1-2: Fly out, F8 (Flyball, 8RM, EV 86.2 MPH)
|
Bottom of the 5th over - 0 runs, 0 hits, 0 errors, 0 left on base; Hamilton Ross 0 - University of Virginia 0 |
TOP OF THE 6TH |
Hamilton Ross Rams batting - Pitching for University of Virginia Cavaliers : RHP Jayden Johnson
|
Batting: LHB Trey Toope
|
0-0: Fly out, F7 (Flyball, 7S, EV 78.8 MPH)
|
Batting: RHB C.J. Fleet
|
0-0: Fly out, F6 (Flyball, 56D, EV 93.1 MPH)
|
Batting: RHB Christian Leschak
|
0-0: Swinging Strike 0-1: Foul Ball, location: 2F 0-2: SINGLE (Groundball, 6MD, EV 101.9 MPH)
|
Batting: RHB Giovonni Melis
|
0-0: Called Strike 0-1: Foul Ball, location: 2F 0-2: Fly out, F7 (Line Drive, 7S, EV 98.1 MPH)
|
Top of the 6th over - 0 runs, 1 hit, 0 errors, 1 left on base; Hamilton Ross 0 - University of Virginia 0 |
BOTTOM OF THE 6TH |
University of Virginia Cavaliers batting - Pitching for Hamilton Ross Rams : RHP Gareth Valcourt
|
Batting: SHB Ethan Lewis
|
0-0: Ball 1-0: Ball 2-0: Foul Ball, location: 2F 2-1: Ground out 4-3 (Groundball, 4, EV 85.6 MPH)
|
Batting: RHB Jason Thresher
|
0-0: SINGLE (Groundball, 34D, EV 96.2 MPH)
|
Batting: RHB Scott Anderson
|
0-0: Ball 1-0: Swinging Strike 1-1: Ball 2-1: Called Strike 2-2: Strikes out swinging
|
Batting: LHB Edelberto Barbas
|
0-0: Ball Jason Thresher steals 2nd base 1-0: Called Strike 1-1: Foul Ball, location: 2F 1-2: Ball 2-2: Ball 3-2: Foul Ball, location: 2F 3-2: Ground out 6-3 (Groundball, 6, EV 81.2 MPH)
|
Bottom of the 6th over - 0 runs, 1 hit, 0 errors, 1 left on base; Hamilton Ross 0 - University of Virginia 0 |
TOP OF THE 7TH |
Hamilton Ross Rams batting - Pitching for University of Virginia Cavaliers : RHP Jayden Johnson
|
Batting: RHB Mark Kerr
|
0-0: Ball 1-0: Called Strike 1-1: Foul Ball, location: 2F 1-2: Ball 2-2: Foul Ball, location: 2F 2-2: Foul Ball, location: 2F 2-2: Strikes out swinging
|
Batting: LHB Hector Salazar
|
0-0: Ball 1-0: Ground out 4-3 (Groundball, 4D, EV 103.8 MPH)
|
Batting: RHB Luke Jensen
|
0-0: Called Strike 0-1: Foul Ball, location: 2F 0-2: Ball 1-2: Ball 2-2: Fly out, F9 (Flyball, 9, EV 89.4 MPH)
|
Top of the 7th over - 0 runs, 0 hits, 0 errors, 0 left on base; Hamilton Ross 0 - University of Virginia 0 |
BOTTOM OF THE 7TH |
University of Virginia Cavaliers batting - Pitching for Hamilton Ross Rams : RHP Gareth Valcourt
|
Batting: LHB Eustachio Bontempi
|
0-0: Ground out 6-3 (Groundball, 6M, EV 78.8 MPH)
|
Batting: LHB Ray Nichter
|
0-0: Foul Ball, location: 2F 0-1: Ball 1-1: Ground out 4-3 (Groundball, 4, EV 93.8 MPH)
|
Batting: LHB Josh Doan
|
0-0: SINGLE (Groundball, P, EV 84.4 MPH) (infield hit)
|
Batting: RHB Rob Coble
|
0-0: SINGLE (Groundball, 6M, EV 96.9 MPH) Josh Doan to second
|
Batting: RHB Allen McCaskill
|
0-0: Foul Ball, location: 2F 0-1: Swinging Strike 0-2: Ball 1-2: Foul Ball, location: 2F 1-2: Ball 2-2: Strikes out swinging
|
Bottom of the 7th over - 0 runs, 2 hits, 0 errors, 2 left on base; Hamilton Ross 0 - University of Virginia 0 |
TOP OF THE 8TH |
Hamilton Ross Rams batting - Pitching for University of Virginia Cavaliers : RHP Jayden Johnson
|
Batting: LHB Miguel Silveira
|
0-0: Foul Ball, location: 2F 0-1: Foul Ball, location: 2F 0-2: Ground out U3 (Groundball, 3S, EV 68.1 MPH)
|
Pitching: RHP Ruud van der Meulen
|
|
Batting: RHB Burke Miller
|
0-0: Called Strike 0-1: Swinging Strike 0-2: Ball 1-2: Strikes out looking
|
Batting: LHB Trey Toope
|
0-0: Called Strike 0-1: SINGLE (Line Drive, 7S, EV 86.9 MPH)
|
Batting: RHB C.J. Fleet
|
0-0: Reached on error, E5 (Groundball, 56, EV 90.0 MPH) Trey Toope to second
|
Batting: RHB Christian Leschak
|
0-0: Ball 1-0: Ball 2-0: Called Strike 2-1: Ball 3-1: Swinging Strike 3-2: Foul Ball, location: 2F 3-2: Fly out, F8 (Flyball, 8LM, EV 89.4 MPH)
|
Top of the 8th over - 0 runs, 1 hit, 1 error, 2 left on base; Hamilton Ross 0 - University of Virginia 0 |
BOTTOM OF THE 8TH |
University of Virginia Cavaliers batting - Pitching for Hamilton Ross Rams : RHP Gareth Valcourt
|
Pitching: LHP Alejandro Silveira
|
|
Batting: SHB Ethan Lewis
|
0-0: Ball 1-0: Swinging Strike 1-1: Foul Ball, location: 2F 1-2: Fly out, F7 (Flyball, 78S, EV 89.4 MPH)
|
Batting: RHB Jason Thresher
|
0-0: Ball 1-0: Foul Ball, location: 2F 1-1: Swinging Strike 1-2: Fly out, F8 (Flyball, 8LM, EV 85.0 MPH)
|
Batting: RHB Scott Anderson
|
0-0: Called Strike 0-1: Ball 1-1: Ground out U3 (Groundball, 34, EV 75.6 MPH)
|
Bottom of the 8th over - 0 runs, 0 hits, 0 errors, 0 left on base; Hamilton Ross 0 - University of Virginia 0 |
TOP OF THE 9TH |
Hamilton Ross Rams batting - Pitching for University of Virginia Cavaliers : RHP Ruud van der Meulen
|
Pitching: RHP Salvo Botticelli
|
|
Batting: RHB Giovonni Melis
|
0-0: Called Strike 0-1: Foul Ball, location: 2F 0-2: Ball 1-2: Strikes out swinging
|
Pinch Hitting: LHB Addergoole Kartosuwiryo
|
0-0: Ball 1-0: Swinging Strike 1-1: Called Strike 1-2: Foul Ball, location: 2F 1-2: Strikes out swinging
|
Batting: LHB Hector Salazar
|
0-0: Called Strike 0-1: Swinging Strike 0-2: Ball 1-2: Ball 2-2: Strikes out swinging
|
Top of the 9th over - 0 runs, 0 hits, 0 errors, 0 left on base; Hamilton Ross 0 - University of Virginia 0 |
BOTTOM OF THE 9TH |
University of Virginia Cavaliers batting - Pitching for Hamilton Ross Rams : LHP Alejandro Silveira
|
Now at 2B: Miguel Silveira
|
|
Now at 3B: Addergoole Kartosuwiryo
|
|
Batting: LHB Edelberto Barbas
|
0-0: Foul Ball, location: 2F 0-1: Ball 1-1: Called Strike 1-2: Ball 2-2: Ground out 5-3 (Groundball, 5, EV 88.8 MPH)
|
Batting: LHB Eustachio Bontempi
|
0-0: Ball 1-0: Fly out, F9 (Flyball, 9LM, EV 84.4 MPH)
|
Batting: LHB Ray Nichter
|
0-0: DOUBLE (Flyball, 8LXD, EV 114.4 MPH)
|
Pinch Hitting: RHB Leo Baxter
|
0-0: Called Strike 0-1: DOUBLE (Flyball, 8LD, EV 98.1 MPH) Ray Nichter scores
|
Bottom of the 9th over - 1 run, 2 hits, 0 errors, 1 left on base; Hamilton Ross 0 - University of Virginia 1 |
|